 Dungeon Crawl Stone Soup version 0.16.1-7-g2c6721e (webtiles) character file.

4 Hanyuu the Insei (level 1, 0/13 HPs)
             Began as an Octopode Transmuter on Mar 29, 2015.
             Succumbed to a goblin's poison
             ... on level 1 of the Dungeon.
             The game lasted 00:01:01 (135 turns).

Hanyuu the Insei (Octopode Transmuter)               Turns: 135, Time: 00:01:01

Health: 0/13       AC:  1    Str:  9    XL:     1   Next: 60%
Magic:  3/3        EV: 12    Int: 15    God:
Gold:   18         SH:  0    Dex: 12    Spells: 1 memorised, 3 levels left

rFire  . . .     SeeInvis .       - Unarmed
rCold  . . .     Clarity  .     (no shield)
rNeg   . . .     SustAb   .     (helmet restricted)
rPois  .         Gourm    .     (no amulet)
rElec  .         Spirit   .     (no ring)
rCorr  .         Warding  .     (no ring)
rMut   .         Stasis   .     (no ring)
MR     .....                    (no ring)
Stlth  ++........               (no ring)
                                (no ring)
                                (no ring)
                                (no ring)

@: lethally poisoned (0 -> -13), hasted, very quick, not resistant to hostile
enchantments, unstealthy
A: almost no armour, amphibious, 8 rings, constrict 8, tentacle spike 1,
camouflage 1, sense surroundings 1, screaming 1, gelatinous body 1
a: no special abilities


You were on level 1 of the Dungeon.
You were not hungry.

You visited 1 branch of the dungeon, and saw 1 of its levels.

You collected 18 gold pieces.

Inventory:

Hand weapons
 h - a +4 hunting sling
Missiles
 b - 12 arrows
Scrolls
 c - 2 scrolls of random uselessness {unknown}
 f - a scroll of magic mapping {unknown}
 i - a scroll of identify {unknown}
Potions
 g - a potion of haste
Books
 d - a book of Changes

   Spells                             Type                      Level
   a - Beastly Appendage              Transmutation                1
   b - Sticks to Snakes               Transmutation                2
   c - Spider Form                    Transmutation/Poison         3
   d - Ice Form                       Ice/Transmutation            4
   e - Blade Hands                    Transmutation                5
Comestibles
 a - a bread ration


   Skills:
 - Level 1.0 Fighting
 * Level 2.2 Dodging
 + Level 3.0 Unarmed Combat
 - Level 2.0 Spellcasting
 * Level 2.1 Transmutations


You had 3 spell levels left.
You knew the following spells:

 Your Spells              Type           Power        Failure   Level  Hunger
a - Beastly Appendage     Trmt           #.....       12%         1    #......


Dungeon Overview and Level Annotations

Branches:
Dungeon (1/15)

Altars:


Innate Abilities, Weirdness & Mutations

You cannot wear most types of armour.
You are amphibious.
You can wear up to eight rings at the same time.
You can use your tentacles to constrict many enemies at once.
Your skin changes colour to match your surroundings (Stealth).
Your rubbery body absorbs attacks (AC +1).
One of your tentacles bears a spike.
You passively map a small area around you.
You occasionally shout uncontrollably at your foes.


Message History

You closely miss the goblin. You grab the goblin. You constrict the goblin.
The goblin hits you with a dagger of venom.
* * * LOW HITPOINT WARNING * * *
You are lethally poisoned!
You are too injured to fight recklessly!
You are too injured to fight recklessly!
You completely miss the goblin. You squeeze the goblin.
You kill the goblin!
* * * LOW HITPOINT WARNING * * *
You feel sick.
Drink which item? (? for menu, Esc to quit)
It was a potion of mutation.
You feel extremely strange.
You feel a strange attunement to the structure of the dungeons.
You feel the urge to shout.
One of your lower tentacles grows a sharp spike.
* * * LOW HITPOINT WARNING * * *
You feel sick.
Drink which item? (? for menu, Esc to quit)
It was a potion of haste.
You feel yourself speed up.
You die...

#.# #.#..# ,
#.#####.###.#..# *
.>...........#(.######
#.....................
,
#############...#####
* #...# ######...#
#.....(..# * ,
#.####@#.# * * #)#.# *
* , , ,..#.# * * * *
##.#.# *#.# , ... *
#.# ###


There were no monsters in sight!

Vanquished Creatures
  A goblin (D:1)
  A kobold (D:1)
  2 rats (D:1)
4 creatures vanquished.

Notes
Turn   | Place    | Note
--------------------------------------------------------------
     0 | D:1      | Hanyuu, the Octopode Transmuter, began the quest for the Orb.
     0 | D:1      | Reached XP level 1. HP: 13/13 MP: 3/3
   134 | D:1      | Gained mutation: You passively map a small area around you. [potion of mutation]
   134 | D:1      | Gained mutation: You occasionally shout uncontrollably at your foes. [potion of mutation]
   134 | D:1      | Gained mutation: One of your tentacles bears a spike. [potion of mutation]
   135 | D:1      | Succumbed to a goblin's poison

Action                   || total
-------------------------++-------
Melee: Unarmed           ||     6
  Use: Potion            ||     2
